 Dungeon Crawl Stone Soup version 0.25-a0-292-gaa31f046c4 (webtiles) character file.

Game seed: 16092675557990574711, levelgen mode: classic

60168 Borgoz the Slicer (level 15, -5/96 HPs)
             Began as a Kobold Gladiator on Dec 15, 2019.
             Was a High Priest of Ashenzari.
             Slain by a gargoyle
             ... wielding a +0 mace
              (8 damage)
             ... while petrified by you
             ... in a Gauntlet.
             The game lasted 00:59:02 (25485 turns).

Borgoz the Slicer (Kobold Gladiator)               Turns: 25485, Time: 00:59:03

Health: -5/96      AC: 18    Str: 25    XL:     15   Next: 37%
Magic:  23/23      EV:  3    Int:  9    God:    Ashenzari [*****.]
Gold:   879        SH:  0    Dex: 20    Spells: 14/14 levels left

rFire    + . .     SeeInvis +   b - +5 quick blade
rCold    x . .     Gourm    .   F - +0 buckler
rNeg     + + +     Faith    .   e - +3 leather armour of Life {rElec rPois rN++ Dex+4}
rPois    ∞         Spirit   .   c - +1 helmet
rElec    +         Reflect  .   D - +2 cloak {rF+}
rCorr    .         Harm     .   i - +2 pair of gloves of Absence {rC- rN+++ Regen+ Slay+6}
MR       ++...     Clarity  +   t - +0 pair of boots Stlth +++++.....NoTele +
                                q - amulet of rage
HPRegen  0.66/turn              s - +6 ring of strength
MPRegen  0.18/turn              z - ring of protection from magic

@: petrified, berserk cooldown, slowed
A: small, carnivore
a: Curse Item, Scrying, Transfer Knowledge, Renounce Religion, Evoke Berserk
Rage


You were in a Gauntlet.
You worshipped Ashenzari.
Ashenzari was extremely pleased with you.
You were very full.

You visited 3 branches of the dungeon, and saw 22 of its levels.
You also visited: Gauntlet, Ice Cave and Volcano.

You collected 1347 gold pieces.
You spent 468 gold pieces at shops.

Inventory:

Hand Weapons
 a - a +6 rapier
 b - a +5 quick blade (weapon)
Missiles
 u - 11 throwing nets (quivered)
Armour
 c - a +1 helmet (worn)
 e - the +3 leather armour of Life (worn) {rElec rPois rN++ Dex+4}
   (You found it in an ice cave)

   It affects your dexterity (+4).
   It insulates you from electricity.
   It protects you from poison.
   It greatly protects you from negative energy.
 i - the +2 pair of gloves of Absence (worn) {rC- rN+++ Regen+ Slay+6}
   (You found it in a Gauntlet)

   It affects your accuracy and damage with ranged weapons and melee attacks
   (+6).
   It makes you vulnerable to cold.
   It renders you almost immune to negative energy.
   It increases your rate of regeneration.
 k - a +0 pair of gloves of strength
 t - a +0 pair of boots (worn)
 D - a +2 cloak of fire resistance (worn)
 F - a +0 buckler (worn)
 M - a +1 ring mail of fire resistance
Jewellery
 q - an amulet of rage (around neck)
 s - a +6 ring of strength (left hand)
 z - a ring of protection from magic (right hand)
 N - an uncursed ring of ice
Wands
 h - a wand of digging (5)
 y - a wand of disintegration (10)
 J - a wand of scattershot (2)
 L - a wand of paralysis (9)
 P - a wand of iceblast (2)
 W - a wand of acid (7)
Scrolls
 g - 2 scrolls of fear
 j - 6 scrolls of teleportation
 o - 10 scrolls of magic mapping
 x - 4 scrolls of remove curse
 S - a scroll of blinking
Potions
 d - 4 potions of lignification
 l - 2 potions of curing
 m - 6 potions of agility
 p - 3 potions of brilliance
 r - 2 potions of heal wounds
 w - a potion of invisibility
 A - 7 potions of might
 B - 2 potions of flight
 E - a potion of berserk rage
 I - a potion of resistance
 R - 2 potions of haste
Comestibles
 f - 47 rations


   Skills:
 + Level 12.0 Fighting
 + Level 14.2 Short Blades
 - Level 2.1 Throwing
 + Level 10.0 Armour
 + Level 13.1 Dodging
 - Level 10.0 Stealth
 - Level 6.0 Shields
 + Level 11.6 Evocations


You had 14 spell levels left.
You didn't know any spells.
Your spell library contained the following spells:

 Spells                   Type           Power        Failure   Level  Hunger
 Beastly Appendage        Tmut           #.....       41%         1    ##.....
 Foxfire                  Conj/Fire      #...         41%         1    ##.....
 Magic Dart               Conj           #...         41%         1    ##.....
 Searing Ray              Conj           #.....       56%         2    ###....
 Sticks to Snakes         Tmut           #.......     56%         2    ###....
 Conjure Flame            Conj/Fire      #.......     80%         3    ####...
 Dazzling Flash           Conj/Hex       #.....       80%         3    ####...
 Inner Flame              Hex/Fire       #.......     80%         3    ####...
 Spider Form              Tmut/Pois      #.........   80%         3    ####...
 Static Discharge         Conj/Air       #.......     80%         3    ####...
 Fulminant Prism          Conj/Hex       #.........   99%         4    #####..
 Ice Form                 Ice/Tmut       #.......     99%         4    #####..
 Iskenderun's Mystic Bla  Conj/Tloc      #.......     99%         4    #####..
 Sticky Flame             Conj/Fire      #.......     99%         4    #####..
 Blade Hands              Tmut           #.........   100%        5    ######.
 Fireball                 Conj/Fire      #.........   100%        5    ######.
 Lightning Bolt           Conj/Air       #.........   100%        5    ######.
 Ignition                 Fire           #.........   100%        8    #######
 Shatter                  Erth           #.........   100%        9    #######
 Tornado                  Air            #.........   100%        9    #######


Dungeon Overview and Level Annotations

Branches:
Dungeon (15/15)            Temple (1/1) D:6            Lair (6/6) D:10
 Shoals (0/4) Lair:3       Spider (0/4) Lair:3        Slime (0/5) Lair:5
    Orc (0/2) D:11         Vaults (0/5) D:13          IceCv (visited)
Volcano (visited)         Gauntlet (1/1)
 Depths: D:15

Altars:
Ashenzari
Cheibriados
Dithmenos
Elyvilon
Fedhas
Gozag
Hepliaklqana
Kikubaaqudgha
Makhleb
Nemelex Xobeh
Okawaru
Qazlal
Ru
Sif Muna
Trog
Uskayaw
Vehumet
Wu Jian
Xom
Yredelemnul
Zin
The Shining One
Beogh
Jiyva

Shops:
D:5 (

Annotations:
D:13 1 runed translucent door, Tiulit's ghost, journeyman FoCK
D:14 Josephine
Lair:3 2 transporters, Feuff's ghost, journeyman MiFi Gauntlet 13 transporters, exclusion: 2 lightning spires


Innate Abilities, Weirdness & Mutations

You are small and have problems with some larger weapons.
You are carnivorous and can eat meat at any time.


Message History

The stone arrow hits you!!
* * * LOW HITPOINT WARNING * * *
The gargoyle hurls a stone arrow at you.
The stone arrow hits you. The gargoyle hits you with a +0 mace!
* * * LOW HITPOINT WARNING * * *
The gargoyle hurls a stone arrow at you.
The stone arrow hits you.
* * * LOW HITPOINT WARNING * * *
The gargoyle hurls a stone arrow at you.
The stone arrow hits you!!
* * * LOW HITPOINT WARNING * * *
The gargoyle hurls a stone arrow at you.
The stone arrow hits you but does no damage.
The gargoyle hits you with a +0 dire flail!
* * * LOW HITPOINT WARNING * * *
The gargoyle hurls a stone arrow at you.
The stone arrow hits you but does no damage.
The gargoyle hits you with a +0 mace!
You die...

......≈.............≈............
.....≈8§...........≈8≈...........
......§.............≈............
#####...###########...###########
....#...#.........#...#...[©!"..#
##^.#...#.#.##.##.#...#..#...#..#
^##.#...#...#..#.:#...#.#######.#
..#^#.###..##.##9=###.##..#.#..##
....#.#©#..#.©#.@©#©#.#2...©....#
..#.#.#.#.##)##.#9#.#.##..#.#..##
†##.#.#.#.#..#...$#.#.#.##...##.#
##..#.#.#.#.##.##.#.#.#..#..2#..#
....#.#.#.99...§..#.#.#...#2#...#
#######.###########.#############
........#.........#........©#....
#######.###########.#########....
......#.#.tbbbh{..#.#..........##


You could see a green death and 2 gargoyles.

Vanquished Creatures
  Kirke (Lair:4)
  Fannar (D:10)
  6 hydras
  Harold (D:8)
  2 catoblepae
  6 two-headed ogres
  3 centaur warriors
  3 death yaks (Lair:5)
  2 tengu warriors (D:14)
  An ogre mage (D:13)
  Urug (D:10)
  A hell knight (Volcano)
  A deep elf mage (D:13)
  A necromancer (IceCv)
  An oklob plant (Lair:2)
  2 manticores
  An ugly thing (D:12)
  4 ice statues
  A guardian serpent (D:13)
  4 elephants (Lair:6)
  4 black mambas
  2 molten gargoyles
  5 gargoyles
  10 spiny frogs
  A yaktaur (Volcano)
  7 komodo dragons
  A rime drake (Lair:2)
  An efreet (D:13)
  8 ice devils
  A harpy zombie (D:14)
  A meliai (D:14)
  6 trolls
  2 polar bears
  2 hornets (Gauntlet)
  15 blink frogs
  9 hippogriffs
  3 redbacks
  A wraith (D:12)
  Sigmund (D:3)
  A water elemental (D:13)
  3 hogs (Lair:4)
  8 wyverns
  15 yaks
  2 vampires
  5 fire bats (Volcano)
  A steam dragon (D:12)
  8 vampire mosquitoes
  2 basilisks
  A warg (D:14)
  A soldier ant (D:11)
  Edmund (D:4)
  10 water moccasins
  4 porcupines
  An acid dragon (D:12)
  5 orc warriors
  3 ice beasts
  4 phantoms
  8 ogres
  A black bear (D:13)
  A hornet zombie (D:10)
  9 centaurs
  4 sky beasts
  4 wolves (Lair:3)
  8 crocodiles
  20 bullfrogs
  A water moccasin zombie (D:7)
  A wyvern skeleton (D:7)
  A scorpion (D:5)
  A hornet simulacrum (D:13)
  23 killer bees
  A water moccasin skeleton (D:8)
  9 wights
  An electric eel (Lair:1)
  3 howler monkeys
  10 crimson imps
  6 lava snakes (Volcano)
  2 draconian simulacra (IceCv)
  A bullfrog zombie (D:5)
  A quasit (D:12)
  4 centaur zombies
  3 jellies
  6 orc priests
  A centaur skeleton (D:12)
  7 hounds
  6 orc wizards
  3 bullfrog skeletons
  4 iguanas
  12 worker ants
  2 troll simulacra (IceCv)
  3 bullfrog simulacra (D:13)
  4 centaur simulacra (IceCv)
  A hound zombie (D:10)
  2 hound skeletons
  A worker ant zombie (D:11)
  2 howler monkey skeletons
  14 adders
  2 gnolls (D:6)
  2 naga simulacra (IceCv)
  A shadow imp (D:9)
  A white imp (D:13)
  2 oozes
  2 worms
  7 leopard geckos
  41 orcs
  A ball python (D:4)
  4 giant cockroaches
  4 goblins
  10 hobgoblins
  17 jackals
  2 quokkas
  11 bats
  6 frilled lizards
  2 jackal skeletons
  19 kobolds
  A leopard gecko zombie (D:7)
  A quokka skeleton (D:5)
  3 quokka zombies
  12 rats
  4 plants
544 creatures vanquished.

Vanquished Creatures (others)
  11 fungi (Lair:6)
  11 plants
22 creatures vanquished.

Grand Total: 566 creatures vanquished

Notes
Turn   | Place    | Note
-------+----------+-------------------------------------------
     0 | D:1      | Borgoz the Kobold Gladiator began the quest for the Orb.
     0 | D:1      | Reached XP level 1. HP: 12/12 MP: 1/1
     2 | D:1      | Noticed a minotaur skeleton
    53 | D:1      | Reached XP level 2. HP: 1/18 MP: 2/2
   370 | D:1      | Reached skill level 1 in Stealth
   538 | D:1      | Reached XP level 3. HP: 19/22 MP: 3/3
  1091 | D:2      | Reached skill level 5 in Fighting
  1091 | D:2      | Reached skill level 7 in Short Blades
  1091 | D:2      | Reached skill level 5 in Armour
  1091 | D:2      | Reached XP level 4. HP: 32/32 MP: 4/4
  1529 | D:2      | Reached XP level 5. HP: 26/36 MP: 5/5
  1935 | D:3      | Noticed Sigmund
  1954 | D:3      | Killed Sigmund
  1954 | D:3      | Reached skill level 1 in Evocations
  1954 | D:3      | Reached XP level 6. HP: 41/41 MP: 6/6
  2114 | D:3      | Noticed an orc warrior
  2125 | D:3      | Killed an orc warrior
  2125 | D:3      | Reached XP level 7. HP: 46/46 MP: 6/8
  2969 | D:4      | Reached skill level 8 in Short Blades
  3632 | D:4      | Reached XP level 8. HP: 51/51 MP: 9/9
  3646 | D:4      | Noticed Edmund
  3678 | D:4      | Killed Edmund
  4187 | D:5      | Entered Level 5 of the Dungeon
  4403 | D:5      | Found Epsu Cif's Antique Weapon Boutique.
  4610 | D:5      | Reached skill level 1 in Shields
  4832 | D:5      | Reached XP level 9. HP: 53/56 MP: 11/11
  5817 | D:6      | Found a staircase to the Ecumenical Temple.
  5861 | Temple   | Entered the Ecumenical Temple
  5876 | Temple   | Became a worshipper of Ashenzari the Shackled
  6169 | D:6      | Found a hide-covered altar of Uskayaw.
  6579 | D:6      | Found an iron altar of Okawaru.
  6761 | D:6      | Reached skill level 9 in Short Blades
  7265 | D:8      | Noticed Harold
  7299 | D:7      | Reached * piety under Ashenzari
  7975 | D:8      | Noticed a two-headed ogre
  7987 | D:8      | Killed a two-headed ogre
  7987 | D:8      | Reached skill level 5 in Evocations
  7987 | D:8      | Reached XP level 10. HP: 27/63 MP: 13/13
  8546 | D:8      | Identified the +0 robe of Refuge {rC+ rCorr Int+4}
  8589 | D:8      | Killed Harold
  9112 | D:8      | Noticed an ice statue
  9356 | D:9      | Reached skill level 10 in Short Blades
  9588 | D:9      | Found a white marble altar of Elyvilon.
  9656 | D:9      | Noticed a moth of wrath
  9659 | D:9      | Found a bloodstained altar of Trog.
  9715 | D:10     | Entered Level 10 of the Dungeon
  9722 | D:10     | Noticed Urug
  9740 | D:10     | Killed Urug
  9740 | D:10     | Reached XP level 11. HP: 68/68 MP: 15/15
  9792 | D:10     | Noticed Fannar
 10278 | D:11     | Reached ** piety under Ashenzari
 10364 | D:11     | Found a staircase to the Orcish Mines.
 10527 | D:11     | Found a roughly hewn altar of Beogh.
 10850 | D:11     | HP: 3/69 [poison (poison gas)]
 10856 | D:11     | HP: 2/69 [poison (poison gas)]
 10864 | D:11     | HP: 1/69 [poison (poison gas)]
 10872 | D:11     | HP: 1/69 [poison (poison gas)]
 11363 | D:11     | Got the cursed leather armour of Jokhluwk {+Blink rPois}
 11473 | D:11     | Identified the cursed +1 leather armour of Jokhluwk {+Blink
                  | rPois} (You found it on level 11 of the Dungeon)
 11845 | D:10     | Killed Fannar
 12243 | D:10     | Found a staircase to the Lair.
 12769 | D:12     | Reached skill level 10 in Dodging
 12914 | D:12     | Found a frozen archway.
 12954 | D:12     | Noticed a centaur warrior
 12962 | D:12     | Noticed a manticore
 12966 | D:12     | Killed a centaur warrior
 12966 | D:12     | Reached skill level 11 in Short Blades
 12966 | D:12     | Reached XP level 12. HP: 41/76 MP: 17/17
 13083 | IceCv    | Entered an ice cave
 13786 | IceCv    | Reached skill level 5 in Stealth
 13989 | IceCv    | Identified the +3 leather armour of Life {rElec rPois rN++
                  | Dex+4}
 14000 | IceCv    | Reached skill level 5 in Shields
 14418 | D:12     | Noticed a two-headed ogre
 14434 | D:12     | Killed a two-headed ogre
 14641 | D:12     | Noticed a two-headed ogre
 14650 | D:12     | Killed a two-headed ogre
 15067 | D:12     | Found a shimmering altar of Xom.
 15316 | D:12     | Reached XP level 13. HP: 82/82 MP: 19/19
 16010 | D:5      | Bought a runed quick blade for 468 gold pieces
 16845 | D:13     | Reached skill level 10 in Fighting
 16845 | D:13     | Reached skill level 12 in Short Blades
 16868 | D:13     | Reached *** piety under Ashenzari
 16869 | D:13     | Found a runed translucent door.
 16871 | D:13     | Identified the cursed +1 spear "Cibruaja" {pierce, MR+
                  | Str+4}
 16871 | D:13     | Noticed Tiulit's ghost (journeyman FoCK)
 16876 | D:13     | Noticed a seven-headed hydra
 16888 | D:13     | Killed a seven-headed hydra
 17503 | D:13     | Found a gate to the Vaults.
 17780 | D:14     | Noticed a fire dragon
 17780 | D:14     | Noticed Josephine
 17792 | D:14     | Noticed a centaur warrior
 17794 | D:14     | Killed a centaur warrior
 17875 | D:14     | Noticed a catoblepas
 18565 | D:15     | Entered Level 15 of the Dungeon
 18755 | Lair:1   | Entered Level 1 of the Lair of Beasts
 18888 | Lair:1   | Noticed a six-headed hydra
 18911 | Lair:1   | Killed a six-headed hydra
 19314 | Lair:1   | Reached XP level 14. HP: 88/88 MP: 21/21
 19728 | Lair:2   | Reached skill level 10 in Evocations
 20099 | Lair:2   | Reached skill level 13 in Short Blades
 21010 | Lair:3   | Found a transporter.
 21013 | Lair:3   | Found a transporter.
 21013 | Lair:3   | Noticed Feuff's ghost (journeyman MiFi)
 21096 | Lair:3   | Reached **** piety under Ashenzari
 21151 | Lair:3   | Found a hole to the Spider Nest.
 21193 | Lair:3   | Found a staircase to the Shoals.
 22167 | Lair:4   | Noticed Kirke
 22179 | Lair:4   | Noticed a sphinx
 22191 | Lair:4   | Killed Kirke
 22191 | Lair:4   | Reached skill level 10 in Stealth
 23245 | Lair:5   | Reached XP level 15. HP: 52/95 MP: 23/23
 23320 | Lair:5   | Found a dark tunnel.
 23330 | Volcano  | Entered a volcano
 23684 | Volcano  | Found a bloodstained altar of Trog.
 24082 | Lair:5   | Reached skill level 14 in Short Blades
 24118 | Lair:5   | Reached ***** piety under Ashenzari
 24232 | Lair:5   | Found a staircase to the Slime Pits.
 24233 | Lair:5   | Found a viscous altar of Jiyva.
 24617 | Lair:6   | Entered Level 6 of the Lair of Beasts
 24686 | Lair:6   | Found a gate leading to a gauntlet.
 24807 | Lair:6   | Reached skill level 10 in Armour
 24851 | Gauntlet | Entered a Gauntlet
 24851 | Gauntlet | Found a transporter.
 24851 | Gauntlet | Found a transporter.
 24856 | Gauntlet | Found a transporter.
 24856 | Gauntlet | Found a transporter.
 24867 | Gauntlet | Found a transporter.
 24875 | Gauntlet | Identified the ring of the Seven Orbs {Str+4 SInv}
 24876 | Gauntlet | Found a transporter.
 24879 | Gauntlet | Identified the ring "Repn" {Fire Str-3 Dex+3 Slay+2 Stlth+}
 24884 | Gauntlet | Found a transporter.
 24884 | Gauntlet | Found a transporter.
 24888 | Gauntlet | Found a transporter.
 24915 | Gauntlet | Found a transporter.
 24929 | Gauntlet | Found a transporter.
 24947 | Gauntlet | Found a transporter.
 24992 | Gauntlet | Found a transporter.
 25146 | Gauntlet | Found a transporter.
 25264 | Gauntlet | Found a transporter.
 25282 | Gauntlet | Found a transporter.
 25397 | Gauntlet | Got the uncursed pair of gloves of Absence {rC- rN+++
                  | Regen+ Slay+6}
 25445 | Gauntlet | Identified the +2 pair of gloves of Absence {rC- rN+++
                  | Regen+ Slay+6} (You found it in a Gauntlet)
 25484 | Gauntlet | HP: 3/96 [gargoyle/+0 dire flail (5)]
 25485 | Gauntlet | Slain by a gargoyle

Levels and vault maps discovered:
D:1:      shiori_arrival_whats_in_store_for_you, layout_basic
D:2:      layout_loops_cross, minivault_25, fountainhead,
          lexackson_kobold_supper
D:3:      layout_loops_corners, uniq_sigmund
D:4:      layout_loops_corners, minmay_cupped, uniq_edmund
D:5:      minmay_chambers_of_fours, layout_gridville, first_ration,
          serial_shops, shop
D:6:      layout_layer_cave, minmay_temple_entry_mist, basic_altar,
          minivault_10, okawaru_altar_gauntlet_db
D:7:      layout_cave_pools, st_stairs_14, grunt_ogre_cave
D:8:      lemuel_ice_statue, layout_cave_pools, uniq_harold
D:9:      layout_basic, tgw_trog, basic_altar
D:10:     layout_rooms, david_lair_shrubbed, uniq_fannar, uniq_urug
D:11:     layout_layer_cave, minmay_orc_entry_temple_small
D:12:     minmay_angry_zag, layout_loops_cross, portal_ice_cave_demonic_guard,
          basic_altar
D:13:     layout_irregular_city, david_vaults_2, serial_ice, serial_ice_d,
          serial_ice_f, serial_ice_j, serial_ice_g, ebering_ghost_funeral_grove,
          nrook_guardian_serpent_ordinary
D:14:     cheibrodos_elevator_heist, layout_layer_cave,
          nicolae_twisting_strands, kennysheep_inner_square, uniq_josephine
D:15:     grunt_enter_depths_hoard, layout_layer_cave, minmay_tree_intersection,
          uniq_jorgrun
Temple:   nicolae_temple_the_god_donut
Lair:1:   layout_big_grid, minivault_25, serial_bayou_shore_a
Lair:2:   layout_gridlike, nzn_random_ring, minmay_lair_oklob_chamber
Lair:3:   layout_regular_city, minmay_shoals_entry_beasts,
          spider_nest_entry_webs, gammafunk_ghost_arena, serial_bayou_shore_b
Lair:4:   layout_regular_city, uniq_kirke
Lair:5:   beast_lair_carwin_large_3, layout_regular_city, slime_altar_1,
          nicolae_volcano_entry_two_sided, lemuel_fruit_tree
Lair:6:   hangedman_lair_tendril_chambers, layout_regular_city, wormcave,
          gauntlet_entry_generic, zaba_antful_of_joy
Gauntlet: gammafunk_gauntlet_branching [gammafunk_gauntlet_arena_split_diamond,
          nicolae_gauntlet_arena_blocks, nicolae_gauntlet_arena_t_cross,
          nicolae_gauntlet_arena_grate_2, nicolae_gauntlet_swirl,
          gammafunk_gauntlet_arena_teeth, gammafunk_gauntlet_arena_chambers,
          gammafunk_gauntlet_arena_grid, gauntlet_exit_hidden_loot]

Skill      XL: |  1  2  3  4  5  6  7  8  9 10 11 12 13 14 15 |
---------------+----------------------------------------------+-----
Stealth        | 1 2 4 6 8 10 | 10.0
Dodging        | 6 7 8 9 10 11 12 13 | 13.1
Fighting       | 5 6 7 8 9 10 11 12 | 12.0
Short Blades   | 7 8 9 10 11 12 13 14 | 14.2
Armour         | 5 6 7 8 9 10 | 10.0
Evocations     | 1 2 3 5 6 7 8 9 11 | 11.6
Shields        | 1 2 3 4 5 6 |  6.0
Throwing       | |  2.1

Action                   |  1- 3 |  4- 6 |  7- 9 | 10-12 | 13-15 || total
-------------------------+-------+-------+-------+-------+-------++-------
Melee: Rapier            |    73 |   153 |   594 |   826 |    13 ||  1659
       Quick blade       |       |       |       |       |  1401 ||  1401
Throw: Throwing net      |       |     3 |       |     2 |       ||     5
Invok: Curse Item        |       |       |       |     2 |       ||     2
 Abil: Evoke Berserk Rag |       |     1 |     6 |    19 |    18 ||    44
Evoke: Wand              |       |       |       |     3 |    14 ||    17
  Use: Scroll            |     4 |     5 |     3 |    22 |     6 ||    40
       Potion            |     1 |     1 |     3 |     3 |     7 ||    15
 Stab: Sleeping          |     3 |     2 |     4 |     7 |    34 ||    50
       Held in net/web   |       |     2 |       |       |       ||     2
       Paralysed         |       |       |       |     2 |     1 ||     3
       Invisible         |       |       |       |       |     8 ||     8
       Petrified         |       |       |       |       |     3 ||     3
       Distracted        |       |       |       |       |     1 ||     1
  Eat: Chunk             |     9 |     3 |    25 |    40 |    47 ||   124
       Ration            |       |       |       |     1 |       ||     1
Armor: Leather armour    |    20 |       |       |    24 |    88 ||   132
       Ring mail         |       |     9 |    99 |    58 |    29 ||   195
       Skin              |       |       |    40 |       |       ||    40
Dodge: Dodged            |    83 |    55 |   362 |   489 |   591 ||  1580
Block: Buckler           |       |       |    78 |   178 |   237 ||   493

Table legend:
 A = Non-vault XP
 B = Vault XP
 C = Vault XP percentage of total XP
 D = Non-vault monster count
 E = Vault monster count
 F = Vault count percentage of total count
                 A         B        C        D         E       F
            +---------+---------+-------+---------+---------+-------
      Total |   52024 |   33876 |  39.4 |     400 |     140 |  25.9
            +---------+---------+-------+---------+---------+-------
        D:1 |      43 |       0 |   0.0 |      27 |       0 |   0.0
        D:2 |      68 |      10 |  12.8 |      12 |       8 |  40.0
        D:3 |     300 |     212 |  41.4 |      30 |       1 |   3.2
        D:4 |     316 |     226 |  41.7 |      18 |       4 |  18.2
        D:5 |     764 |     195 |  20.3 |      23 |       5 |  17.9
        D:6 |     447 |      36 |   7.5 |      14 |       6 |  30.0
        D:7 |    1473 |     116 |   7.3 |      31 |       1 |   3.1
        D:8 |    1293 |    1446 |  52.8 |      13 |       2 |  13.3
        D:9 |     825 |       9 |   1.1 |      20 |       5 |  20.0
       D:10 |     659 |    2120 |  76.3 |      11 |       3 |  21.4
       D:11 |    2906 |     279 |   8.8 |      37 |       7 |  15.9
       D:12 |    8012 |    1253 |  13.5 |      37 |       7 |  15.9
       D:13 |    4988 |    3482 |  41.1 |      26 |      10 |  27.8
       D:14 |    6237 |       0 |   0.0 |      17 |       0 |   0.0
     Lair:1 |    4153 |       0 |   0.0 |      13 |       0 |   0.0
     Lair:2 |    4485 |    3915 |  46.6 |      15 |      13 |  46.4
     Lair:3 |    2105 |    1214 |  36.6 |      11 |       4 |  26.7
     Lair:4 |    7138 |    2534 |  26.2 |      21 |       4 |  16.0
     Lair:5 |    2524 |    4991 |  66.4 |      14 |      11 |  44.0
     Lair:6 |    3288 |    1075 |  24.6 |      10 |       6 |  37.5
      IceCv |       0 |    4317 | 100.0 |       0 |      20 | 100.0
    Volcano |       0 |    4538 | 100.0 |       0 |      19 | 100.0
   Gauntlet |       0 |    1908 | 100.0 |       0 |       4 | 100.0
            +---------+---------+-------+---------+---------+-------
